 Dungeon Crawl Stone Soup version 0.21-a0-251-g5e8393f (webtiles) character file.

45 Hook the Sneak (level 3, 0/18 HPs)
             Began as a Vine Stalker Assassin on Sept 3, 2017.
             Succumbed to an adder's poison
             ... on level 2 of the Dungeon on Sept 5, 2017.
             The game lasted 00:03:52 (1080 turns).

Hook the Sneak (Vine Stalker Assassin)              Turns: 1080, Time: 00:03:53

Health: 0/18       AC:  5    Str: 14    XL:     3   Next: 64%
Magic:  4/4        EV: 12    Int: 11    God:
Gold:   96         SH:  0    Dex: 15    Spells: 2/2 levels left

rFire    . . .     SeeInvis .   a - +2 dagger
rCold    . . .     Gourm    .   (no shield)
rNeg     . . .     Faith    .   c - +0 robe
rPois    .         Spirit   +   k - +2 hat
rElec    .         Reflect  .   d - +0 cloak
rCorr    .         Harm     .   (no gloves)
MR       .....                  (no boots)
Stlth    +++.......             (no amulet)
HPRegen  0.06/turn              (no ring)
MPRegen  0.09/turn              (no ring)

@: lethally poisoned (0 -> -5)
A: fangs 2, magic shield, antimagic bite, no potion heal 3, rot immunity
a: no special abilities


You were on level 2 of the Dungeon.
You were hungry.

You visited 1 branch of the dungeon, and saw 2 of its levels.

You collected 96 gold pieces.

Inventory:

Hand Weapons
 a - a +2 dagger (weapon)
 b - a +0 blowgun
Missiles
 e - 32 poisoned needles
 f - 2 curare-tipped needles
Armour
 c - a +0 robe (worn)
 d - a +0 cloak (worn)
 k - a +2 hat (worn)
Scrolls
 h - 2 scrolls of recharging {unknown}
 l - a scroll of fear {unknown}
 m - 2 scrolls of teleportation {unknown}
 p - 2 scrolls of identify {unknown}
Potions
 j - a potion of curing {unknown}
 o - a potion of degeneration {unknown}
Comestibles
 g - 2 bread rations
 i - 2 meat rations
 n - 5 fruits


   Skills:
 + Level 2.0 Fighting
 + Level 2.2 Short Blades
 + Level 2.0 Throwing
 * Level 1.0 Dodging
 + Level 5.7 Stealth


You had 2 spell levels left.
You didn't know any spells.

Dungeon Overview and Level Annotations

Branches:
Dungeon (2/15)

Altars:
Okawaru


Innate Abilities, Weirdness & Mutations

You have extremely sharp teeth.
When hurt, damage is shared between your health and your magic reserves.
Your bite disrupts and absorbs the magic of your enemies.
Potions cannot restore your health.
You are immune to rotting.


Message History

There is a lethal amount of poison in your body!
There is a lethal amount of poison in your body!
There is a lethal amount of poison in your body!
There is a lethal amount of poison in your body!
There is a lethal amount of poison in your body!
There is a lethal amount of poison in your body!
There is a lethal amount of poison in your body!
There is a lethal amount of poison in your body!
There is a lethal amount of poison in your body!
There is a lethal amount of poison in your body!
There is a lethal amount of poison in your body!
* * * LOW HITPOINT WARNING * * *
You feel sick.
* * * LOW HITPOINT WARNING * * *
You feel sick.
* * * LOW HITPOINT WARNING * * *
You feel sick.
* * * LOW HITPOINT WARNING * * *
You feel sick.
You die...

#............ .# #.## .#
#..# ##.# ###.### #.)
#.._..### #.#
#.#.#...####.####
#...###.........# ..
...#####.........####
................@.......
#########..##..########
##..#...## #.......(#
#########.#..###.#
.....#......†..[.###
####.........#.....#
#####........#.....##....
............##.....#>....


There were no monsters in sight!

Vanquished Creatures
  An adder (D:2)
  2 worms (D:2)
  2 dart slugs
  2 bats (D:1)
  A giant cockroach (D:1)
  2 goblins
  3 hobgoblins
  3 jackals (D:1)
  A frilled lizard (D:1)
  5 kobolds (D:1)
  5 rats (D:1)
  A plant (D:1)
28 creatures vanquished.

Notes
Turn   | Place    | Note
-------+----------+-------------------------------------------
     0 | D:1      | Hook the Vine Stalker Assassin began the quest for the Orb.
     0 | D:1      | Reached XP level 1. HP: 11/11 MP: 2/2
    53 | D:1      | Reached skill level 5 in Stealth
   242 | D:1      | Reached XP level 2. HP: 15/15 MP: 3/3
   263 | D:1      | Upgraded the game from 0.21-a0-241-g2cbab09 to 0.21-a0-251-g5e8393f
   926 | D:2      | Reached XP level 3. HP: 13/18 MP: 2/4
  1034 | D:2      | Reached skill level 1 in Dodging
  1044 | D:2      | Found an iron altar of Okawaru.
  1080 | D:2      | Succumbed to an adder's poison

Vault maps used:
D:1:      lightli_iron_boxes, serial_forest, infiniplex_forest_lined_ring,
          infiniplex_forest_clump_large, infiniplex_forest_side_room,
          infiniplex_forest_lined_room_2, infiniplex_forest_corner_2,
          infiniplex_forest_clump_medium, minmay_pentomino_p4
D:2:      nicolae_overflow_hidden_temple, lemuel_crystal_altar

Skill      XL: |  1  2  3 |
---------------+----------+-----
Stealth        | 5 |  5.7
Short Blades   | 2 |  2.2
Throwing       | 2 |  2.0
Fighting       | 2 |  2.0
Dodging        | 1 |  1.0

Action                   || total
-------------------------++-------
Melee: Dagger            ||   144
       Bite              ||    52
 Stab: Sleeping          ||     6
Armor: Robe              ||    22
Dodge: Dodged            ||    28

Table legend:
 A = Spawn XP
 B = Non-spawn XP
 C = Spawn XP percentage of total XP
 D = Spawn monster count
 E = Non-spawn monster count
 F = Spawn count percentage of total count
 G = Total turns spent on level
                    A         B        C        D         E        F      G
               +---------+---------+-------+---------+---------+-------+---------
         Total |      15 |      50 |  23.1 |       5 |      22 |  18.5 |  1080
               +---------+---------+-------+---------+---------+-------+---------
           D:1 |       6 |      27 |  18.2 |       3 |      18 |  14.3 |   855
           D:2 |       9 |      23 |  28.1 |       2 |       4 |  33.3 |   225
               +---------+---------+-------+---------+---------+-------+---------
